 Dungeon Crawl Stone Soup version 0.14.1-9-g552248a (webtiles) character file.

496 Heini the Cudgeler (level 6, 56/56 HPs)
             Began as a Minotaur Fighter on May 27, 2014.
             Quit the game on Level 4 of the Dungeon.
             The game lasted 00:09:37 (2428 turns).

Heini the Cudgeler (Minotaur Fighter)               Turns: 2428, Time: 00:09:37

HP  56/56        AC  6     Str 21      XL: 6   Next: 27%
MP   3/3         EV  5     Int  5      God:
Gold 162         SH 18     Dex  9      Spells:  0 memorised,  5 levels left

rFire  . . .     SeeInvis .     a - +0 flail
rCold  . . .     Clarity  .     f - +0 chain mail
rNeg   . . .     Conserve .     c - +0 shield
rPois  .         rCorr    .     (helmet restricted)
rElec  .         rRot     .     (no cloak)
SustAb . .       Spirit   .     (no gloves)
rMut   .         Warding  .     (no boots)
Saprov . . .     Stasis   .     (no amulet)
MR     .....                    (no ring)
                                (no ring)

@: not resistant to hostile enchantments, extremely unstealthy
A: retaliatory headbutt, horns 2, blurry vision 2, deformed body, weak 1
a: no special abilities


You were on level 4 of the Dungeon.
You were not hungry.

You visited 1 branch of the dungeon, and saw 4 of its levels.

You collected 162 gold pieces.

Inventory:

Hand weapons
 a - a +0,+0 flail (weapon)
Armour
 b - a +0 scale mail
 c - a +0 shield (worn)
 f - a +0 chain mail (worn)
Comestibles
 d - 7 bread rations
 i - 16 strawberries
 l - a snozzcumber
 p - a beef jerky
 r - 2 chunks of quokka flesh
 x - a pear
 z - a chunk of quokka flesh
Scrolls
 g - a scroll of fog
 q - 3 scrolls of identify
 v - a scroll of teleportation
Jewellery
 j - an uncursed ring of wizardry {unknown}
 n - an uncursed ring of magical power
Potions
 e - a potion of might
 h - 2 potions of agility {unknown}
 k - a potion of lignification
 m - a potion of invisibility
 o - 4 potions of curing
 t - 2 potions of flight
 w - 2 potions of heal wounds {unknown}


   Skills:
 * Level 5.4 Fighting
 * Level 5.5 Maces & Flails
 + Level 5.5 Armour
 - Level 3.6 Shields


You had 5 spell levels left.
You didn't know any spells.

Dungeon Overview and Level Annotations

Branches:
Dungeon (4/15)
 Temple: D:4-7

Altars:
Ashenzari
Dithmenos


Innate Abilities, Weirdness & Mutations

You reflexively headbutt those who attack you in melee.
You have a pair of horns on your head.
Your vision is quite blurry.
Armour fits poorly on your strangely shaped body.
You are weak. (Str -2)


Message History

No target in view!
No target in view!
You see here a quokka corpse.
You start butchering the quokka corpse.
You continue butchering the corpse.
You continue butchering the corpse. x2
You finish butchering the quokka corpse.
r - 2 chunks of quokka flesh You see here a quokka skeleton.
Eat one of 2 chunks of quokka flesh? (ye/n/q/i?) This raw flesh tastes terrible.
You continue eating. x2
Found a stone staircase leading down.
d - 7 bread rations (gained 1)
q - 3 scrolls of identify (gained 1)
A kobold comes into view.
The kobold shouts!
A kobold is nearby!
Quiver which item? (- for none, * to show all) (? for menu, Esc to quit)
Okay, then.
Are you sure you want to abandon this character and quit the game? (Confirm with "yes".)

.#.####.##.#
#...#...#
##.####.##.#
#.#####.#
.[....#.##.#
#...#...#
##.##.#.##.#
###.#.###
.#.##.#.##.# #...#
##.......(.# #.###
#####.#.#### #.# #
#.#.# ##.## #.#.#
#.@.# #####.#.#
#.....#
....#...#####...K...#
###.#.##%...........#
###.#.##.####.......#
...........###.....##
##.....#.#.# ##...##
.........#.# #####
........##.#


You could see a kobold.

Vanquished Creatures
  A phantom (D:4)
  An ogre (D:4)
  An orc wizard (D:4)
  Terence (D:2)
  6 adders
  A worm (D:3)
  An orc zombie (D:4)
  An iguana skeleton (D:4)
  A giant gecko (D:1)
  An ooze (D:2)
  3 orcs (D:4)
  7 bats
  8 goblins
  5 hobgoblins
  4 jackals (D:1)
  5 kobolds
  A ball python (D:2)
  5 giant cockroaches
  4 giant newts
  A hobgoblin skeleton (D:4)
  A kobold skeleton (D:4)
  4 quokkas (D:4)
  A quokka skeleton (D:4)
  8 rats
72 creatures vanquished.

Notes
Turn   | Place    | Note
--------------------------------------------------------------
     0 | D:1      | Heini, the Minotaur Fighter, began the quest for the Orb.
     0 | D:1      | Reached XP level 1. HP: 19/19 MP: 1/1
   212 | D:1      | Reached XP level 2. HP: 27/27 MP: 1/1
   250 | D:1      | Reached skill level 4 in Fighting
   679 | D:2      | Noticed Terence
   686 | D:2      | Reached XP level 3. HP: 32/34 MP: 2/2
   704 | D:2      | Killed Terence
   878 | D:2      | Reached XP level 4. HP: 39/41 MP: 2/2
  1117 | D:2      | Found a shattered altar of Ashenzari.
  1855 | D:3      | Found a shadowy altar of Dithmenos.
  2041 | D:4      | Noticed an ogre
  2047 | D:4      | Killed an ogre
  2047 | D:4      | Reached skill level 5 in Fighting
  2047 | D:4      | Reached skill level 5 in Armour
  2047 | D:4      | Reached XP level 5. HP: 16/48 MP: 2/2
  2090 | D:4      | Reached skill level 5 in Maces & Flails
  2151 | D:4      | Noticed a phantom
  2178 | D:4      | Killed a phantom
  2178 | D:4      | Reached XP level 6. HP: 24/56 MP: 3/3
  2234 | D:4      | Gained mutation: Armour fits poorly on your strangely shaped body. [potion of mutation]
  2234 | D:4      | Gained mutation: You have sharp toenails. [potion of mutation]
  2234 | D:4      | Lost mutation: You have sharp toenails. [potion of mutation]
  2235 | D:4      | Gained mutation: Your vision is a little blurry. [potion of mutation]
  2235 | D:4      | Gained mutation: You are weak. (Str -2) [potion of mutation]
  2235 | D:4      | Gained mutation: Your vision is quite blurry. [potion of mutation]
  2428 | D:4      | Quit the game

Action                   |  1- 3 |  4- 6 || total
-------------------------+-------+-------++-------
Melee: Flail             |   119 |   111 ||   230
  Use: Scroll            |     3 |     8 ||    11
       Potion            |       |     3 ||     3
